 Dungeon Crawl Stone Soup version 0.17-a0-913-g36eb389 (webtiles) character file.

8300 hornqvist the Basher (level 11, -39/90 HPs)
             Began as a Naga Berserker on May 3, 2015.
             Was an Elder of Trog.
             Annihilated by a titanic slime creature (50 damage)
             ... on level 12 of the Dungeon.
             The game lasted 00:14:48 (12944 turns).

hornqvist the Basher (Naga Berserker)              Turns: 12944, Time: 00:14:48

Health: -39/90     AC: 11    Str: 21    XL:     11   Next: 28%
Magic:  11/11      EV: 14    Int:  8    God:    Trog [****..]
Gold:   690        SH:  0    Dex: 12    Spells: 0 memorised, 10 levels left

rFire  . . .     SeeInvis +     f - +0 flail (crush)
rCold  . . .     Clarity  .     I - +2 ring mail {rPois}
rNeg   + . .     SustAb   .     (no shield)
rPois  +         Gourm    .     g - +0 helmet
rElec  .         Spirit   .     H - +1 cloak of Vlad {+Inv rCorr Stlth-}
rCorr  +         Warding  +     (no gloves)
rMut   .         Stasis   .     (no barding)
MR     +....                    x - amulet of warding
Stlth  +.........               y - +2 ring of evasion
                                p - ring of stealth

@: starving, very slow, somewhat resistant to hostile enchantments, very
unstealthy
A: see invisible, deformed body, poison resistance, slowness 2, slow metabolism
1, spit poison 2, AC +3
a: Spit Poison, Burn Spellbooks, Berserk, Trog's Hand, Brothers in Arms,
Renounce Religion, Evoke Invisibility


You were on level 12 of the Dungeon.
You worshipped Trog.
Trog was greatly pleased with you.
You were starving.

You visited 1 branch of the dungeon, and saw 12 of its levels.

You collected 690 gold pieces.

Inventory:

Hand weapons
 a - a +0 mace
 b - a +0 quarterstaff of holy wrath
 f - a +0 flail of crushing (weapon)
 l - a +2 double sword of freezing
Armour
 g - a +0 helmet (worn)
 i - a +0 pair of gloves
 t - a +0 shield
 H - the +1 cloak of Vlad (worn) {+Inv rCorr Stlth-}
   (You found it on level 9 of the Dungeon)

   It lets you turn invisible.
   It protects you from acid and corrosion.
   It makes you less stealthy.
 I - a +2 ring mail of poison resistance (worn)
Jewellery
 o - an uncursed amulet of guardian spirit
 p - a ring of stealth (left hand)
 r - an uncursed amulet of clarity
 x - an amulet of warding (around neck)
 y - a +2 ring of evasion (right hand)
Magical devices
 n - a wand of paralysis (15)
Scrolls
 d - a scroll of enchant armour
 e - 10 scrolls of identify
 k - 7 scrolls of remove curse
 m - a scroll of holy word {unknown}
 q - 4 scrolls of recharging
 v - a scroll of fog
 B - 4 scrolls of teleportation
 C - 2 scrolls of magic mapping
Potions
 z - a potion of flight
Books
 L - a book of Spatial Translocations

   Spells                             Type                      Level
   a - Apportation                    Translocation                1
   b - Blink                          Translocation                2
   c - Shroud of Golubria             Charms/Translocation         2
   d - Portal Projectile              Translocation                3
   e - Teleport Other                 Translocation                3
   f - Passage of Golubria            Translocation                4
   Trog disapproves of the use of such an item.
Comestibles
 c - 6 bread rations
 j - 7 fruits
 u - 4 meat rations
 F - 3 beef jerkies


   Skills:
 - Level 3.0 Fighting
 * Level 13.8 Maces & Flails
 - Level 1.5 Armour
 + Level 8.5 Dodging


You had 10 spell levels left.
You didn't know any spells.

Dungeon Overview and Level Annotations

Branches:
Dungeon (12/15)            Temple (0/1) D:6            Lair (0/8) D:10
    Orc: D:9-12

Altars:
Ashenzari
Kikubaaqudgha
Ru

Annotations:
D:11 WhatIsLove's ghost, powerful DECj


Innate Abilities, Weirdness & Mutations

You cannot wear boots.
Your serpentine skin is tough (AC +3).
You have supernaturally acute eyesight.
Armour fits poorly on your strangely shaped body.
Your system is resistant to poisons.
You cover ground very slowly.
You have a slow metabolism.
You can spit poison.


Message History

A slime creature suddenly becomes a large slime creature.
You barely miss the large slime creature.
Two slime creatures merge to form a very large slime creature.
You hit the very large slime creature but do no damage.
Two slime creatures merge to form an enormous slime creature.
Unknown command.
You fail to use your ability.
The enormous slime creature hits you!!!!
Ouch! That really hurt!
* * * LOW HITPOINT WARNING * * *
A slime creature suddenly becomes a titanic slime creature.
You take 81 damage, and have 9/90 hp.
MASSIVE DAMAGE!!
You are starving!
An adder comes into view.
The adder moves out of view.
There is an open door here.
The titanic slime creature barely misses you.
The titanic slime creature hits you!!!
Ouch! That really hurt!
You die...

... ###'# #...# #.###
#####'##### ###+##
#.........#
......#####.........#
#......##..'....J....#
+......##.##....@....#
#.[....##.##.........#
#>.....#..##.........#
#......'.###.........#
#......### #.........#
#......# #.........#
#......# #.........#
#..<...# .........
######## ###


You could see a titanic slime creature.

Vanquished Creatures
  2 unseen horrors
  A hill giant (D:10)
  An elephant (D:10)
  A troll (D:8)
  A deep elf mage (D:11)
  5 yaks
  Menkaure (D:4)
  5 orc warriors
  5 sky beasts
  2 necrophages
  A phantom (D:4)
  2 black bears (D:10)
  2 ogres
  3 ice beasts
  3 centaurs
  A wyvern zombie (D:10)
  3 giant frogs
  2 gnoll sergeants
  A wyvern skeleton (D:9)
  4 scorpions
  9 wights
  4 crimson imps
  8 killer bees
  2 quasits
  3 vampire bats (D:3)
  2 goliath beetles (D:10)
  2 jellies
  A centaur zombie (D:10)
  6 hounds
  3 orc priests
  A giant frog skeleton (D:6)
  A centaur skeleton (D:6)
  An iguana (D:6)
  9 orc wizards
  7 worker ants
  2 sheep (D:10)
  Robin (D:2)
  15 adders
  15 gnolls
  A shadow imp (D:5)
  3 adder zombies
  An adder skeleton (D:5)
  A worm (D:2)
  3 giant geckos
  35 orcs
  3 bat skeletons (D:3)
  3 bat zombies (D:3)
  24 hobgoblins
  8 kobolds
  6 quokkas
  13 bats
  5 giant cockroaches
  A giant cockroach zombie (D:5)
  A giant gecko skeleton (D:4)
  6 giant newts
  20 goblins
  19 jackals
  A jackal zombie (D:6)
  12 rats
  6 ballistomycetes
310 creatures vanquished.

Vanquished Creatures (collateral kills)
  A hill giant (D:11)
1 creature vanquished.

Vanquished Creatures (others)
  A hill giant (D:11)
  2 ogres (D:11)
  3 orc warriors (D:11)
  A giant frog (D:6)
  A gnoll (D:6)
  2 orcs (D:11)
  3 goblins
  4 giant spores
  6 ballistomycetes (D:11)
23 creatures vanquished.

Grand Total: 334 creatures vanquished

Notes
Turn   | Place    | Note
--------------------------------------------------------------
     0 | D:1      | hornqvist, the Naga Berserker, began the quest for the Orb.
     0 | D:1      | Reached XP level 1. HP: 21/21 MP: 1/1
   594 | D:1      | Reached XP level 2. HP: 18/28 MP: 2/2
  1446 | D:1      | Reached XP level 3. HP: 10/34 MP: 3/3
  2281 | D:2      | Noticed Robin
  2285 | D:2      | Reached skill level 4 in Maces & Flails
  2294 | D:2      | Acquired Trog's second power
  2304 | D:2      | Killed Robin
  2309 | D:2      | Reached XP level 4. HP: 7/42 MP: 4/4
  3553 | D:3      | Reached XP level 5. HP: 47/49 MP: 5/5
  3792 | D:3      | Found an ancient bone altar of Kikubaaqudgha.
  3800 | D:3      | Reached skill level 5 in Maces & Flails
  3838 | D:3      | Reached XP level 6. HP: 20/56 MP: 4/6
  4356 | D:4      | Reached skill level 6 in Maces & Flails
  4593 | D:4      | Reached XP level 7. HP: 26/62 MP: 3/7
  4896 | D:4      | Noticed Menkaure
  4909 | D:4      | Killed Menkaure
  4909 | D:4      | Reached skill level 7 in Maces & Flails
  5705 | D:5      | Entered Level 5 of the Dungeon
  5765 | D:5      | Reached XP level 8. HP: 56/69 MP: 8/8
  5847 | D:5      | Reached skill level 8 in Maces & Flails
  6068 | D:5      | Acquired Trog's third power
  6787 | D:5      | Reached skill level 5 in Dodging
  7208 | D:6      | Reached skill level 9 in Maces & Flails
  7632 | D:6      | Reached XP level 9. HP: 34/75 MP: 9/9
  7977 | D:6      | Found a shattered altar of Ashenzari.
  8125 | D:6      | Found a staircase to the Ecumenical Temple.
  8221 | D:7      | Reached skill level 10 in Maces & Flails
  8378 | D:7      | Noticed an unseen horror
  8391 | D:7      | Killed an unseen horror
  8825 | D:7      | Reached skill level 11 in Maces & Flails
  9475 | D:8      | Reached XP level 10. HP: 65/84 MP: 10/10
 10163 | D:9      | Reached skill level 12 in Maces & Flails
 10261 | D:9      | Found a sacrificial altar of Ru.
 10272 | D:9      | Got an ancient cloak
 10280 | D:9      | Noticed an unseen horror
 10290 | D:9      | Killed an unseen horror
 10494 | D:9      | Received a gift from Trog
 10527 | D:9      | Identified the +1 cloak of Vlad {+Inv rCorr Stlth-} (You found it on level 9 of the Dungeon)
 11027 | D:10     | Entered Level 10 of the Dungeon
 11291 | D:10     | Noticed a hill giant
 11302 | D:10     | Killed a hill giant
 11302 | D:10     | Reached skill level 13 in Maces & Flails
 11571 | D:10     | Reached XP level 11. HP: 71/90 MP: 11/11
 11616 | D:10     | Noticed an elephant
 11624 | D:10     | Killed an elephant
 11969 | D:10     | Found a staircase to the Lair.
 12267 | D:10     | Identified a scroll of acquirement
 12360 | D:11     | Noticed an ice dragon
 12363 | D:11     | Noticed an ogre mage
 12364 | D:11     | Noticed a centaur warrior
 12369 | D:11     | Noticed a hill giant
 12378 | D:11     | Noticed a hill giant
 12507 | D:11     | Killed a hill giant
 12639 | D:11     | Noticed WhatIsLove's ghost (powerful DECj)
 12660 | D:11     | Noticed a hill giant
 12688 | D:11     | Killed a hill giant
 12944 | D:12     | Annihilated by a titanic slime creature

Action                   |  1- 3 |  4- 6 |  7- 9 | 10-12 || total
-------------------------+-------+-------+-------+-------++-------
Melee: Mace              |    24 |       |       |       ||    24
       Flail             |    79 |   196 |   573 |   597 ||  1445
Invok: Berserk           |     4 |     1 |     8 |     6 ||    19
       Trog's Hand       |       |       |     1 |     3 ||     4
       Brothers in Arms  |       |       |       |     2 ||     2
  Use: Potion            |     1 |       |     6 |     7 ||    14
       Scroll            |       |       |     4 |     8 ||    12
  Eat: Chunk             |     6 |     7 |    21 |    13 ||    47
       Pizza             |       |       |       |     2 ||     2
